 Dungeon Crawl Stone Soup version 0.21.1-1-g345015f (webtiles) character file.

232 gloomy the Skirmisher (level 5, -3/42 HPs)
             Began as a Demonspawn Berserker on May 3, 2018.
             Was a Believer of Trog.
             Killed from afar by an orc wizard (6 damage)
             ... with a puff of frost
             ... on level 4 of the Dungeon.
             The game lasted 00:16:40 (4610 turns).

gloomy the Skirmisher (Demonspawn Berserker)        Turns: 4610, Time: 00:16:41

Health: -3/42      AC:  3    Str: 24    XL:     5   Next: 73%
Magic:  5/5        EV: 12    Int:  8    God:    Trog [**....]
Gold:   167        SH:  0    Dex: 12    Spells: 4/4 levels left

rFire    . . .     SeeInvis .   a - +0 falchion
rCold    . . .     Gourm    .   (no shield)
rNeg     . . .     Faith    .   p - +0 leather armour (curse)
rPois    .         Spirit   .   (no helmet)
rElec    .         Reflect  .   m - scarf {cloud immunity}
rCorr    .         Harm     .   (no gloves)
MR       .....                  (no boots)
Stlth    +.........             (no amulet)
HPRegen  0.14/turn              (no ring)
MPRegen  0.09/turn              (no ring)

@: mighty
A: claws 1, hooves 1, powered by pain 1, rot immunity
a: Berserk, Trog's Hand, Burn Spellbooks, Renounce Religion


You were on level 4 of the Dungeon.
You worshipped Trog.
Trog was pleased with you.
You were not hungry.

You visited 1 branch of the dungeon, and saw 4 of its levels.

You collected 167 gold pieces.

Inventory:

Hand Weapons
 a - a +0 falchion (weapon)
 f - a +0 hunting sling
 o - a +0 dagger
 r - a +0 blowgun
Missiles
 g - 78 stones (quivered)
 i - 4 large rocks
 n - 47 bolts
 q - 6 poisoned needles
 s - 21 arrows
Armour
 b - a +0 animal skin
 h - a +2 ring mail of cold resistance
 j - a +0 robe
 l - a +0 robe
 m - a scarf of cloud immunity (worn)
 p - a cursed +0 leather armour (worn)
Scrolls
 d - 2 scrolls of teleportation
 e - 2 scrolls of magic mapping
 k - 2 scrolls of identify
Comestibles
 c - 3 rations
 t - 2 chunks of flesh


   Skills:
 + Level 4.2 Fighting
 + Level 4.1 Long Blades
 + Level 0.4 Slings
 + Level 2.3 Armour
 + Level 2.9 Dodging
 + Level 0.9 Stealth


You had 4 spell levels left.
You didn't know any spells.

Dungeon Overview and Level Annotations

Branches:
Dungeon (4/15)
 Temple: D:4-7

Altars:
Elyvilon
Makhleb
Qazlal
Uskayaw


Innate Abilities, Weirdness & Mutations

You have sharp fingernails.
You have large cloven feet.
You sometimes gain a little power by taking damage.
You are immune to rotting.


Message History

The orc wizard is almost dead.
Something hits you. Something hits you but does no damage.
The orc wizard casts a spell at you. The puff of flame hits you!
* * * LOW HITPOINT WARNING * * *
You focus on the pain.
You feel very mighty all of a sudden.
You slash the orc wizard!
You kill the orc wizard!
Trog accepts your kill.
Trog appreciates your killing of a magic user.
Something hits you.
* * * LOW HITPOINT WARNING * * *
You aren't carrying any potions.
Okay, then.
You start resting.
Something barely misses you.
You hear some strange, mumbled words.
A puff of frost appears from out of thin air!
The puff of frost hits you!
You die...

# .. #######.###
... ##.....#....
...##.........(.
...............
#............
#....@)......
#........(...
#...?.<......
##...........
##.....#....
#.#####.### ##.#
. #..# #
#########.##


There were no monsters in sight!

Vanquished Creatures
  An orc priest (D:3)
  An orc wizard (D:4)
  Jessica (D:2)
  5 adders
  An ooze (D:3)
  2 worms (D:2)
  4 dart slugs
  3 leopard geckos
  9 orcs
  4 giant cockroaches
  6 goblins
  5 hobgoblins
  7 jackals
  7 kobolds
  A quokka (D:2)
  2 ball pythons
  5 bats
  5 frilled lizards
  4 rats
73 creatures vanquished.

Notes
Turn   | Place    | Note
-------+----------+-------------------------------------------
     0 | D:1      | gloomy the Demonspawn Berserker began the quest for the Orb.
     0 | D:1      | Reached XP level 1. HP: 18/18 MP: 1/1
   169 | D:1      | Gained mutation: You are immune to rotting. [demonic ancestry]
   169 | D:1      | Reached XP level 2. HP: 14/24 MP: 2/2
   907 | D:1      | Gained mutation: You sometimes gain a little power by taking damage. [demonic ancestry]
   907 | D:1      | Reached XP level 3. HP: 21/29 MP: 3/3
  1114 | D:1      | Reached ** piety under Trog
  1363 | D:2      | Noticed a dagger
  1363 | D:2      | Noticed a hand axe
  1364 | D:2      | Found a hide-covered altar of Uskayaw.
  1772 | D:2      | Noticed Jessica
  1776 | D:2      | Killed Jessica
  1776 | D:2      | Gained mutation: You have sharp fingernails. [demonic ancestry]
  1776 | D:2      | Reached XP level 4. HP: 37/37 MP: 4/4
  2238 | D:2      | Found a white marble altar of Elyvilon.
  2673 | D:3      | Found a stormy altar of Qazlal.
  3361 | D:3      | Gained mutation: You have large cloven feet. [demonic ancestry]
  3361 | D:3      | Reached XP level 5. HP: 26/42 MP: 5/5
  4370 | D:3      | Found a burning altar of Makhleb.
  4610 | D:4      | Killed from afar by an orc wizard

Skill      XL: |  1  2  3  4  5 |
---------------+----------------+-----
Long Blades    | 3 4 |  4.1
Dodging        | 2 |  2.9
Armour         | 2 |  2.3
Fighting       | 4 |  4.2
Slings         | |  0.4
Stealth        | |  0.9

Action                   |  1- 3 |  4- 6 || total
-------------------------+-------+-------++-------
Melee: Falchion          |    90 |   127 ||   217
       Kick              |       |    14 ||    14
 Fire: Hunting sling     |     3 |     2 ||     5
       Blowgun           |       |     4 ||     4
Throw: Stone             |       |     2 ||     2
  Use: Scroll            |     5 |     3 ||     8
       Potion            |     1 |     3 ||     4
  Eat: Chunk             |     3 |     5 ||     8
       Ration            |       |     1 ||     1
Armor: Animal skin       |    22 |     1 ||    23
       Ring mail         |       |    12 ||    12
       Leather armour    |       |    14 ||    14
Dodge: Dodged            |    70 |    93 ||   163
       Rpst.: Falchion   |    27 |    31 ||    58
